Map: Cyber Forest LE

Players

Probe

  • Race: Protoss Protoss
  • League: Master
  • Spawn Location: 5:00

Cham - Winner!

  • Race: Zerg Zerg
  • League: Master
  • Spawn Location: 11:00

Event: 2019 WCS Winter Americas

VOD

Have the link to the VOD?

Description

Time

  • Played on: March 24, 2019, 1:37 p.m.
  • Length: 7:26

All games in this series

Show
View Real Time Build Order
Export as new Build Order

Probe Protoss 

Build Orders:  

Get SALT Encoding   

  12  0:00  Probe  
  13  0:13  Probe  
  14  0:17  Pylon  
  14  0:24  Probe  
  15  0:33  Probe  
  15  0:38  Forge  
  15  0:41  Probe  
  17  0:51  Probe  
  18  0:57  Pylon  
  18  1:09  Pylon  
  18  1:10  Pylon  
  18  1:19  Photon Cannon  
  18  1:27  Gateway  
  18  1:28  Probe  
  19  1:40  Pylon, Probe  
  19  1:44  Assimilator  
  20  1:52  Probe  
  21  1:59  Photon Cannon  
  21  2:04  Photon Cannon  
  21  2:14  Photon Cannon  
  21  2:24  Photon Cannon  
  21  2:27  Photon Cannon  
  21  2:36  Photon Cannon  
  21  2:47  Cybernetics Core  
  21  2:56  Gateway  
  21  3:06  Photon Cannon  
  21  3:14  Stalker  
  21  3:25  Probe  
  21  3:26  Warp Gate  
  24  3:32  Shield Battery  
  24  3:33  Stalker  
  24  3:34  Shield Battery  
  26  3:50  Stalker  
  28  3:59  Photon Cannon  
  28  4:10  Pylon  
  28  4:13  Shield Battery  
  28  4:20  Stalker  
  30  4:27  Shield Battery  
  30  4:41  Shield Battery  
  30  4:44  Shield Battery  
  30  4:49  Stalker  
  34  5:27  Shield Battery  
  32  5:29  Shield Battery  
  32  5:30  Stalker x2  
  32  5:32  Photon Cannon  
  36  5:35  Pylon  
  26  6:00  Zealot x2  
  30  6:06  Probe  
  31  6:19  Probe  
  32  6:27  Probe  
  32  6:30  Stalker  
  35  6:32  Zealot  
  21  6:59  Stalker  
  24  7:01  Probe  
Show
View Real Time Build Order
Export as new Build Order

Cham Zerg - Winner!

Build Orders: Hatch First 

Get SALT Encoding   

  12  0:01  Drone  
  13  0:09  Drone  
  14  0:16  Overlord  
  14  0:35  Drone x2  
  16  0:49  Hatchery  
  15  0:52  Drone  
  15  0:56  Drone  
  17  1:01  Drone  
  18  1:21  Drone, Spawning Pool  
  18  1:22  Drone  
  19  1:32  Extractor  
  18  1:34  Drone  
  20  1:48  Hatchery  
  20  1:53  Drone  
  21  2:01  Drone  
  21  2:08  Queen, Spine Crawler  
  21  2:13  Spine Crawler  
  21  2:18  Spine Crawler  
  20  2:23  Drone  
  21  2:37  Spine Crawler  
  21  2:38  Drone x2  
  22  2:48  Spine Crawler  
  21  3:00  Drone  
  22  3:07  Spine Crawler  
  22  3:12  Zergling x2  
  22  3:19  Lair  
  22  3:20  Zergling x2  
  22  3:21  Drone  
  24  3:28  Drone  
  24  3:33  Drone  
  26  3:37  Metabolic Boost  
  26  3:48  Zergling x4  
  26  3:50  Overlord  
  28  3:57  Overlord  
  28  4:08  Drone x2  
  30  4:12  Drone x2, Queen  
  35  4:24  Drone  
  35  4:25  Nydus Network  
  35  4:27  Drone  
  34  4:42  Drone  
  34  4:43  Overlord  
  34  4:44  Zergling x2  
  36  4:46  Zergling x2  
  36  4:48  Queen  
  39  5:00  Drone x2  
  39  5:02  Zergling x2, Nydus Canal  
  42  5:10  Zergling x2  
  42  5:11  Zergling x2  
  44  5:18  Zergling x2  
  45  5:22  Nydus Canal  
  45  5:29  Queen x2  
  45  5:30  Zergling x2  
  45  5:31  Zergling x2  
  45  5:32  Overlord  
  51  5:43  Nydus Canal  
  51  5:44  Zergling x2  
  51  5:46  Zergling x2  
  50  5:54  Zergling x2  
  47  5:58  Zergling x2  
  47  6:02  Zergling x8  
  51  6:04  Zergling x2  
  51  6:09  Queen  
  51  6:10  Queen  
  55  6:16  Zergling x4  
  57  6:24  Zergling x4  
  58  6:26  Hatchery, Roach Warren  
  55  6:38  Zergling x2  
  51  6:45  Queen  
  51  6:48  Zergling x2  
  53  6:57  Zergling x6  
  53  6:59  Zergling x2  
  57  7:08  Zergling x6  
Tags
 
Add a new tag
Caveats
  • Supply blocks, unpowered buildings, or Contaminate may cause inaccurate times.
  • Supply counts are checked every 10 seconds.